Map: Mech Depot LE

Players

Pain

  • Race: Zerg Zerg
  • Spawn Location: 7:00

A.I. 1 (Medium) - Winner!

  • Race: Zerg Zerg
  • Spawn Location: 1:00

VOD

Have the link to the VOD?

Description

Time

  • Played on: Sept. 3, 2017, 10:49 p.m.
  • Length: 3:46
Show
View Real Time Build Order
Export as new Build Order

Pain Zerg 

Build Orders:  

Get SALT Encoding   

  12  0:16  Drone  
  12  0:19  Overlord  
  13  1:36  Evolution Chamber  
  13  1:45  Evolution Chamber  
  13  2:04  Evolution Chamber  
  12  2:16  Drone  
  12  2:17  Drone x2  
  15  2:59  Extractor  
  14  3:15  Drone x2  
  17  3:26  Overlord  
Show
View Real Time Build Order
Export as new Build Order

A.I. 1 (Medium) Zerg - Winner!

Build Orders: Pool Only 

Get SALT Encoding   

  12  0:00  Drone  
  13  0:12  Overlord  
  13  0:16  Drone  
  14  0:30  Drone  
  14  0:33  Drone  
  16  0:44  Spawning Pool  
  16  0:45  Drone  
  16  0:50  Drone  
  16  0:52  Extractor  
  16  0:55  Drone  
  17  1:06  Overlord  
  17  1:31  Zergling x2, Queen  
  20  1:36  Roach Warren  
  20  1:37  Zergling x2  
  20  1:38  Drone  
  21  1:42  Extractor  
  20  1:49  Drone  
  20  1:53  Baneling Nest  
  20  2:00  Drone  
  21  2:10  Drone  
  22  2:21  Zergling x2  
  23  2:32  Zergling x2  
  24  2:38  Zergling x2, Overlord, Baneling x3  
  26  2:44  Zergling x2  
  26  2:50  Zergling x2  
  27  2:55  Zergling x2  
  28  3:05  Zergling x2  
  29  3:11  Zergling x2, Overlord  
  30  3:17  Zergling x2, Baneling  
  31  3:22  Baneling  
  31  3:23  Zergling x2, Baneling  
  32  3:29  Zergling x2  
  32  3:33  Evolution Chamber  
Tags
 
Matchup
ZvZ
Opening
Pool Only
Race
Zerg
Replay Pack
RP
Spawn Locations
Cross Positions
Add a new tag
Caveats
  • Supply blocks, unpowered buildings, or Contaminate may cause inaccurate times.
  • Supply counts are checked every 10 seconds.